 Dungeon Crawl Stone Soup version 0.14-a0-586-g2535b90 (webtiles) character file.

1656 Malachi the Frost Mage (level 8, -2/52 HPs)
             Began as a Vampire Ice Elementalist on Nov 3, 2013.
             Was a Follower of Kikubaaqudgha.
             Slain by an orc warrior
             ... wielding a -1,+0 orcish scimitar
              (17 damage)
             ... on Level 6 of the Dungeon.
             The game lasted 00:20:48 (8204 turns).

Malachi the Frost Mage (Vampire Ice Elementalist)   Turns: 8204, Time: 00:20:49

HP  -2/52        AC  0     Str  2      XL: 8   Next: 50%
MP   5/13        EV 23     Int 19      God: Kikubaaqudgha [*.....]
Gold 174         SH  0     Dex 19      Spells:  2 memorised,  4 levels left

Res.Fire  : . . .   See Invis. : +   v - melded +9 Staff of Wucad Mu
Res.Cold  : . . .   Warding    : .   F - melded +2 robe {MR+}
Life Prot.: + . .   Conserve   : .   (shield currently unavailable)
Res.Poison: .       Res.Corr.  : .   (helmet currently unavailable)
Res.Elec. : .       Clarity    : .   K - melded +1 cloak of the Blind Marksman {MR+ Acc+3 SInv}
Sust.Abil.: . .     Spirit.Shd : .   (gloves currently unavailable)
Res.Mut.  : .       Stasis     : .   (boots currently unavailable)
Res.Rott. : .       Flight     : +   (no amulet)
Saprovore : . . .                    H - melded +5 ring of intelligence
                                     I - melded ring of teleport control

@: bat-form, burdened, flying, very slightly contaminated, very quick, somewhat
resistant to hostile enchantments, stealthy
A: bottle blood, (fangs 0), see invisible, (unbreathing)
a: Bottle Blood, End Transformation, Receive Corpses, Renounce Religion


You were on level 6 of the Dungeon.
You worshipped Kikubaaqudgha.
Kikubaaqudgha was aware of your devotion.
You were encumbered.
You were not thirsty.
You were in vampire bat-form.
You visited 2 branches of the dungeon, and saw 7 of its levels.

You collected 330 gold pieces.
You spent 156 gold pieces at shops.

Inventory:

Hand weapons
 g - a +0,+0 dagger
 i - a +0,+0 short sword
 v - the +9,+9 Staff of Wucad Mu (melded)
   (You found it on level 4 of the Dungeon)
 w - a +0,+0 dagger of flaming
 G - a +4,+2 scythe of dragon slaying
Missiles
 r - 5 javelins (quivered)
Armour
 F - a +2 robe of magic resistance (melded)
 K - the cursed +1 cloak of the Blind Marksman (melded) {MR+ Acc+3 SInv}
   (You bought it in a shop on level 6 of the Dungeon)

   It affects your accuracy (+3).
   It affects your resistance to hostile enchantments.
   It enhances your eyesight.
   It has a curse placed upon it.
Magical devices
 s - a wand of confusion (0)
 z - a wand of frost (10)
Scrolls
 a - a scroll of immolation {unknown}
 c - a scroll of fear {unknown}
 d - 3 scrolls of teleportation
 e - a scroll of random uselessness
 f - 2 scrolls of magic mapping {unknown}
 h - a scroll of blinking {unknown}
 j - 2 scrolls of curse weapon {unknown}
 k - 2 scrolls of identify {unknown}
 n - a scroll of amnesia {unknown}
 o - a scroll of enchant weapon I {unknown}
 A - a scroll of curse armour {unknown}
 D - a scroll of enchant weapon II {unknown}
 E - a scroll of fog {unknown}
 J - a scroll of enchant armour {unknown}
Jewellery
 p - a +2 ring of strength
 H - a +5 ring of intelligence (melded)
 I - a ring of teleport control (melded)
Potions
 l - 3 potions of curing
 m - a potion of poison {unknown}
 q - a potion of brilliance {unknown}
 t - a potion of confusion {unknown}
 u - a potion of heal wounds {unknown}
 x - 2 potions of invisibility {unknown}
 B - a potion of cure mutation {unknown}
 C - 2 potions of restore abilities {unknown}
Books
 b - a book of Frost

   Spells                             Type                      Level
   *Freeze                            Ice                          1
   Throw Frost                        Conjuration/Ice              2
   Ozocubu's Armour                   Charms/Ice                   3
   *Throw Icicle                      Conjuration/Ice              4
   Summon Ice Beast                   Ice/Summoning                4
   Condensation Shield                Ice                          4
 y - Kikubaaqudgha's Catalogue of Stolen Souls
   (Kikubaaqudgha gifted it to you on level 5 of the Dungeon)

   Spells                             Type                      Level
   Animate Skeleton                   Necromancy                   1
   Lethal Infusion                    Charms/Necromancy            2
   Corpse Rot                         Necromancy                   2
   Vampiric Draining                  Necromancy                   3
   Control Undead                     Necromancy                   4


   Skills:
 - Level 0.2 Short Blades
 + Level 1.5 Staves
 - Level 0.2 Throwing
 + Level 4.6 Dodging
 + Level 6.4 Stealth
 - Level 1.0 Spellcasting
 + Level 0.8 Conjurations
 + Level 9.1 Ice Magic
 * Level 2.0 Evocations


You had 4 spell levels left.
You knew the following spells:

 Your Spells              Type           Power        Failure   Level  Hunger
a - Freeze                Ice            ####         3%          1    ##.....
b - Throw Icicle          Conj/Ice       ###.....     50%         4    #####..


Dungeon Overview and Level Annotations

Branches:
Dungeon (6/27)             Temple (1/1) D:4
    Orc: D:6-11

Altars:
Ashenzari
Cheibriados
Elyvilon
Fedhas
Kikubaaqudgha
Makhleb
Nemelex Xobeh
Okawaru
Sif Muna
Trog
Vehumet
Xom
Yredelemnul
Zin
the Shining One

Shops:
D:6 *

Annotations:
D:6 dertyp's ghost, experienced HOFi


Innate Abilities, Weirdness & Mutations

You can bottle blood from corpses.
((You have razor-sharp teeth.))*
You have supernaturally acute eyesight.
((You can survive without breathing.))*


Message History

The orc priest calls down the wrath of Beogh upon you.
Something smites you!
The orc priest calls down the wrath of Beogh upon you.
Something smites you!
* * * LOW HITPOINT WARNING * * *
Use which ability? (? or * to list)
Okay, then.
Use which ability? (? or * to list)
You turn into a vampire bat.
The +9,+9 Staff of Wucad Mu melds into your body.
The cursed +1 cloak of the Blind Marksman {MR+ Acc+3 SInv} melds into your body.
Your +2 robe of magic resistance melds into your body.
You feel less resistant to hostile enchantments.
Your ring of teleport control melds into your body.
Your +5 ring of intelligence melds into your body.
You feel stupid.
You are being weighed down by all of your possessions.
The orc warrior hits you with an orcish scimitar!
You die...
Kikubaaqudgha rasps: "You have failed me!
Welcome... oblivion!"

#####.....# #.#...#####.#
#...#.##### #.#.......#
#...#.###### #.#.......#
#..........# #.##.######
###........# #∩........#
#........####.##o####.#
##########.#.............o...#
#......# #.#.#######o##.###..#
#......# #.#.#..bo....#.# #..#
#......###.#.#.#####o.#.# #..#
..>....'......<.........# #..#
#......################.###o.#
#......# .............#
#......# ##..........#
######## #.###.######.##
#....#......# #......#


You could see an orc warrior and 2 orc priests.

Vanquished Creatures
  Eustachio (D:6)
  Edmund (D:4)
  A phantom (D:4)
  An ogre (D:5)
  Sigmund (D:5)
  Duvessa (D:4)
  3 wights (D:6)
  4 crimson imps
  Dowan (D:4)
  5 orc priests
  A centaur skeleton (D:5)
  4 orc wizards
  A scorpion (D:5)
  A worker ant (D:4)
  Ijyb (D:2)
  Jessica (D:2)
  3 gnolls
  8 adders
  2 giant mites (D:2)
  3 worms
  A giant eyeball (D:5)
  3 giant geckos
  An ooze (D:1)
  15 orcs
  15 bats
  5 giant cockroaches
  14 hobgoblins
  2 jackals (D:1)
  A quokka (D:2)
  3 ball pythons
  A giant gecko zombie (D:6)
  5 giant newts
  13 goblins
  12 kobolds
  A kobold skeleton (D:6)
  9 rats
145 creatures vanquished.

Notes
Turn   | Place    | Note
--------------------------------------------------------------
     0 | D:1      | Malachi, the Vampire Ice Elementalist, began the quest for the Orb.
     0 | D:1      | Reached XP level 1. HP: 13/13 MP: 4/4
   210 | D:1      | Reached XP level 2. HP: 14/19 MP: 0/5
   894 | D:1      | Reached skill level 4 in Ice Magic
  1080 | D:2      | Reached XP level 3. HP: 24/24 MP: 2/6
  1716 | D:2      | Reached XP level 4. HP: 30/30 MP: 8/8
  2036 | D:2      | Noticed Jessica
  2053 | D:2      | Killed Jessica
  2053 | D:2      | Reached skill level 5 in Ice Magic
  2461 | D:3      | Noticed Ijyb
  2474 | D:2      | Killed Ijyb
  2474 | D:2      | Reached XP level 5. HP: 33/35 MP: 3/9
  3211 | D:3      | Reached skill level 6 in Ice Magic
  3664 | D:4      | Found a staircase to the Ecumenical Temple.
  3756 | Temple   | Entered the Ecumenical Temple
  3883 | Temple   | Became a worshipper of Kikubaaqudgha
  4035 | D:4      | Noticed Edmund
  4042 | D:4      | Reached XP level 6. HP: 28/41 MP: 6/10
  4242 | D:4      | HP: 1/41 [Edmund/glowing flail (3)]
  4597 | D:4      | Killed Edmund
  4825 | D:4      | Noticed Dowan
  4826 | D:4      | Noticed Duvessa
  4832 | D:5      | Entered Level 5 of the Dungeon
  5031 | D:5      | Reached skill level 1 in Staves
  5031 | D:5      | Reached XP level 7. HP: 44/46 MP: 11/11
  5082 | D:5      | Paralysed by a giant eyeball for 3 turns
  5086 | D:5      | Paralysed by a giant eyeball for 3 turns
  5126 | D:5      | Acquired Kikubaaqudgha's first power
  5126 | D:5      | Received a gift from Kikubaaqudgha
  5126 | D:5      | Reached skill level 5 in Stealth
  5129 | D:5      | Identified Kikubaaqudgha's Catalogue of Stolen Souls (Kikubaaqudgha gifted it to you on level 5 of the Dungeon)
  5217 | D:5      | Reached skill level 7 in Ice Magic
  5539 | D:5      | Noticed Sigmund
  5556 | D:5      | Killed Sigmund
  5556 | D:5      | Reached skill level 1 in Evocations
  6291 | D:4      | Killed Dowan
  6355 | D:5      | HP: 2/46 [orc priest/divine providence (11)]
  6685 | D:4      | Killed Duvessa
  6685 | D:4      | Reached skill level 8 in Ice Magic
  6685 | D:4      | Reached XP level 8. HP: 23/52 MP: 4/13
  7093 | D:4      | Learned a level 4 spell: Throw Icicle
  7138 | D:6      | Noticed Eustachio
  7148 | D:6      | Killed Eustachio
  7653 | D:6      | Reached skill level 9 in Ice Magic
  7987 | D:6      | Noticed dertyp's ghost (experienced HOFi)
  8154 | D:6      | Found Ecreloll's Assorted Antiques.
  8158 | D:6      | Bought a steaming cloak for 156 gold pieces
  8161 | D:6      | Identified the cursed +1 cloak of the Blind Marksman {MR+ Acc+3 SInv} (You bought it in a shop on level 6 of the Dungeon)
  8204 | D:6      | Slain by an orc warrior

Action                   |  1- 3 |  4- 6 |  7- 9 || total
-------------------------+-------+-------+-------++-------
Melee: Unarmed           |    11 |       |       ||    11
       Short sword       |     8 |     5 |       ||    13
       Dagger            |       |    16 |    10 ||    26
       Staff             |       |     9 |    70 ||    79
Throw: Javelin           |       |       |     8 ||     8
 Cast: Freeze            |    58 |   114 |    67 ||   239
       Throw Icicle      |       |       |     2 ||     2
 Abil: Bat Form          |       |       |     2 ||     2
       End Transformatio |       |       |     1 ||     1
Evoke: Wand              |       |     5 |     5 ||    10
  Use: Scroll            |       |     4 |     2 ||     6
       Potion            |       |     1 |     2 ||     3
 Stab: Sleeping          |     2 |     6 |     9 ||    17
       Confused          |       |       |     1 ||     1
